Map: 블랙번 - 래더

Players

Percival

  • Race: Terran Terran

DPGDark (Dark) - Winner!

  • Race: Zerg Zerg
  • League: Master

Event: DreamHack SC2 Masters Last Chance 2022

VOD

Have the link to the VOD?

Description

Time

  • Played on: Dec. 15, 2021, 4:54 a.m.
  • Length: 3:29

All games in this series

Show
View Real Time Build Order
Export as new Build Order

Percival Terran 

Build Orders: Command Center First (CC) 

Get SALT Encoding   

  12  0:00  SCV  
  13  0:12  SCV  
  14  0:16  Supply Depot  
  14  0:18  Supply Depot  
  14  0:24  SCV  
  15  0:40  SCV  
  16  0:57  Command Center  
  16  1:01  SCV  
  17  1:11  Barracks  
  17  1:15  SCV  
  18  1:21  Refinery  
  18  1:27  SCV  
  18  1:29  Refinery  
  19  1:39  SCV  
  20  1:51  SCV  
  21  1:58  Marine  
  22  2:03  Orbital Command  
  22  2:10  Orbital Command  
  22  2:17  Factory  
  22  2:30  SCV  
  22  2:33  Barracks Reactor  
  21  2:39  SCV  
  21  2:42  SCV  
  23  2:51  SCV  
  23  2:54  SCV  
  25  3:03  SCV  
  26  3:06  SCV  
  26  3:12  Supply Depot  
  27  3:15  SCV  
  27  3:18  Starport  
Show
View Real Time Build Order
Export as new Build Order

DPGDark Zerg - Winner!

Build Orders: Pool First 

Get SALT Encoding   

  12  0:00  Drone  
  13  0:12  Overlord  
  13  0:16  Drone  
  14  0:31  Drone x2  
  16  0:40  Spawning Pool  
  15  0:43  Drone  
  15  0:48  Drone  
  17  0:55  Drone  
  18  1:12  Hatchery, Extractor  
  16  1:27  Zergling x6  
  19  1:34  Roach Warren  
  18  1:44  Queen  
  20  1:51  Overlord  
  20  2:04  Drone  
  20  2:05  Drone  
  22  2:17  Roach  
  22  2:21  Roach  
  26  2:24  Roach  
  28  2:32  Roach  
  28  2:35  Roach  
  30  2:45  Roach  
  30  2:50  Queen  
  34  2:57  Overlord  
  33  3:00  Drone  
  33  3:03  Ravager  

Tags
 
Add a new tag
Caveats
  • Supply blocks, unpowered buildings, or Contaminate may cause inaccurate times.
  • Supply counts are checked every 10 seconds.